[Event "ICC Open 2015"]
[Site "Internet Chess Club"]
[Date "2015.05.30"]
[Round "6"]
[White "Glamurius"]
[Black "Prof-chess"]
[Result "1-0"]
[ICCResult "Black resigns"]
[WhiteElo "3025"]
[BlackElo "2701"]
[Opening "King's Indian: Petrosian system, Stein variation"]
[ECO "E92"]
[NIC "KI.17"]
[Time "15:03:02"]
[TimeControl "180+0"]

1. d4 Nf6 2. c4 g6 3. Nc3 Bg7 4. e4 d6 5. Be2 O-O 6. Nf3 e5 7. d5 a5 8. Be3
Na6 9. Nd2 Ne8 10. a3 Bd7 11. O-O f5 12. f3 f4 13. Bf2 g5 14. Qb1 a4 15. Bd1
Nc5 16. b4 axb3 17. Nxb3 b6 18. Nxc5 dxc5 19. a4 Nd6 20. Be2 Ra5 21. Qb3 h5
22. Nb5 Bxb5 23. axb5 Rxa1 24. Rxa1 g4 25. Qd1 Qg5 26. Ra7 Rf7 27. Ra8+ Kh7
28. Qe1 Bf6 29. Kf1 Rg7 30. Qc1 Qg6 31. Be1 Bg5 32. Qc2 Bf6 33. Qd3 Qf7 34.
Qc2 Qe7 35. Rb8 Bh4 36. Bc3 Qg5 37. Qa2 Nxe4 38. Bd3 gxf3 39. Bxe4+ Kh6 40.
Rh8+ {Black resigns} 1-0

[Event "ICC Open 2015"]
[Site "Internet Chess Club"]
[Date "2015.05.30"]
[Round "6"]
[White "zonata"]
[Black "Hareaum"]
[Result "1-0"]
[ICCResult "Black checkmated"]
[WhiteElo "2360"]
[BlackElo "1756"]
[Opening "Scandinavian: Marshall variation"]
[ECO "B01"]
[NIC "SD.03"]
[Time "15:04:21"]
[TimeControl "180+0"]

1. e4 d5 2. exd5 Nf6 3. d4 Nxd5 4. Bc4 c6 5. Ne2 Be6 6. O-O Qc8 7. Bb3 Nb6
8. Nf4 Bxb3 9. axb3 Qf5 10. c4 e6 11. Nc3 N8d7 12. Re1 Bb4 13. Nd3 Bxc3 14.
bxc3 O-O 15. Ba3 Rfe8 16. h3 Nf6 17. Re5 Qg6 18. Nf4 Qh6 19. Bc1 g6 20. Nxe6
Qh4 21. Bg5 Qxg5 22. Nxg5 Rxe5 23. dxe5 Nfd7 24. e6 f6 25. exd7 Rd8 26. Ne6
Rxd7 27. Qf3 Kf7 28. Nc5 Re7 29. Rxa7 Nc8 30. Rxb7 Nd6 31. Rxe7+ Kxe7 32.
Qxc6 g5 33. Qd7+ Kf8 34. Ne6+ Kg8 35. Qg7# {Black checkmated} 1-0

[Event "ICC Open 2015"]
[Site "Internet Chess Club"]
[Date "2015.05.30"]
[Round "6"]
[White "jefferyx"]
[Black "gsvc"]
[Result "0-1"]
[ICCResult "White resigns"]
[WhiteElo "2829"]
[BlackElo "2672"]
[Opening "Sicilian: Canal-Sokolsky attack, 3...Bd7"]
[ECO "B52"]
[NIC "SI.01"]
[Time "15:03:00"]
[TimeControl "180+0"]

1. e4 c5 2. Nf3 d6 3. Bb5+ Bd7 4. c4 g6 5. Nc3 Bg7 6. O-O Nc6 7. Bxc6 bxc6
8. Re1 e5 9. a3 a5 10. d3 Nf6 11. Bd2 O-O 12. Na4 Rb8 13. h3 Nh5 14. Qc2 f5
15. Qc3 Qe7 16. Nh2 Qf7 17. Rf1 Nf4 18. Qc2 Ne2+ 19. Kh1 Nd4 20. Qd1 fxe4
21. dxe4 Qxc4 22. Bxa5 Nb3 23. Nb6 Qf7 24. Qxd6 Be6 25. Rac1 Nxa5 26. Na4 c4
27. Ng4 Nb3 28. Rcd1 Bxg4 29. hxg4 Nd4 30. Nc5 Rfd8 {White resigns} 0-1

[Event "ICC Open 2015"]
[Site "Internet Chess Club"]
[Date "2015.05.30"]
[Round "6"]
[White "pasco84"]
[Black "HPG1947"]
[Result "1-0"]
[ICCResult "Black forfeits on time"]
[WhiteElo "1616"]
[BlackElo "1777"]
[Opening "Caro-Kann defense"]
[ECO "B12"]
[NIC "CK.01"]
[Time "15:03:16"]
[TimeControl "180+0"]

1. e4 c6 2. d4 d6 3. e5 dxe5 4. Nf3 exd4 5. Bc4 Nf6 6. Nxd4 e6 7. O-O a6 8.
Bg5 Be7 9. Nc3 c5 10. Nf3 Qxd1 11. Raxd1 b5 12. Bd3 Nbd7 13. Be4 Nxe4 14.
Nxe4 Bb7 15. Nd6+ Bxd6 16. Rxd6 Bxf3 17. gxf3 Ne5 18. Kg2 O-O 19. b3 f6 20.
Rxe6 Nxf3 21. Kxf3 fxg5+ 22. Kg4 h6 23. Rc6 Rf4+ 24. Kg3 Rf5 25. Kg4 Raf8
26. f3 Kh7 27. Rxa6 Rf4+ 28. Kg3 g4 29. Rc6 gxf3 30. Rxc5 R4f6 31. Rxb5 Rg6+
32. Kf2 Rg2+ 33. Ke3 Rxc2 34. a4 Rxh2 35. a5 Ra2 36. b4 {Black forfeits on
time} 1-0

[Event "ICC Open 2015"]
[Site "Internet Chess Club"]
[Date "2015.05.30"]
[Round "6"]
[White "Art"]
[Black "GeneraLisimus"]
[Result "0-1"]
[ICCResult "White forfeits on time"]
[WhiteElo "2313"]
[BlackElo "3196"]
[Opening "Sicilian: Alapin's variation (2.c3)"]
[ECO "B22"]
[NIC "SI.46"]
[Time "15:03:53"]
[TimeControl "180+0"]

1. e4 c5 2. c3 d6 3. d4 Nf6 4. Bd3 g6 5. Nf3 Bg7 6. O-O O-O 7. h3 Nc6 8. d5
Nb8 9. c4 e5 10. Nc3 Nh5 11. Re1 Nd7 12. Rb1 b6 13. b4 cxb4 14. Rxb4 Nc5 15.
Bf1 Bd7 16. Be3 Rc8 17. Nd2 Nf4 18. Qc2 f5 19. a4 fxe4 20. Ncxe4 Bf5 21. Rb5
Qh4 22. Bxf4 exf4 23. Rbb1 f3 24. g3 Qh6 25. g4 Bxe4 26. Nxe4 Be5 27. Nxc5
Rxc5 28. Qe4 Rf4 29. Qe3 Rxg4+ {White forfeits on time} 0-1

[Event "ICC Open 2015"]
[Site "Internet Chess Club"]
[Date "2015.05.30"]
[Round "6"]
[White "want2win"]
[Black "Giantvin"]
[Result "1-0"]
[ICCResult "Black forfeits on time"]
[WhiteElo "2390"]
[BlackElo "1994"]
[Opening "Ruy Lopez: Cozio defense"]
[ECO "C60"]
[NIC "RL.04"]
[Time "15:02:53"]
[TimeControl "180+0"]

1. e4 e5 2. Nf3 Nc6 3. Bb5 Nge7 4. O-O g6 5. c3 a6 6. Ba4 Bg7 7. d4 exd4 8.
cxd4 O-O 9. Nc3 d5 10. e5 Bg4 11. h3 Bxf3 12. Qxf3 Nxd4 13. Qd3 Ndc6 14. f4
d4 15. Ne4 Nf5 16. Bxc6 bxc6 17. b3 Qd5 18. Ba3 Rfd8 19. Rfc1 Ne3 20. Rc5
Qe6 21. Rac1 Qf5 22. Nf6+ Bxf6 23. Qxf5 Nxf5 24. exf6 d3 25. Rd1 Rd6 26.
Rxf5 gxf5 27. Bxd6 cxd6 28. Rxd3 d5 29. Re3 Rd8 30. Kf2 Kf8 31. Re7 Rd6 32.
Ra7 Rxf6 33. Rxa6 Ke7 34. a4 Kd6 35. a5 Kc5 36. Rb6 Rd6 37. b4+ Kc4 38. a6
Rd8 39. a7 Ra8 40. Rb7 d4 41. Ke2 Kc3 42. Kd1 Kd3 43. Rxf7 Ke4 44. g3
{Black forfeits on time}
1-0

[Event "ICC Open 2015"]
[Site "Internet Chess Club"]
[Date "2015.05.30"]
[Round "6"]
[White "Mastercito"]
[Black "blackending"]
[Result "1-0"]
[ICCResult "Black resigns"]
[WhiteElo "1976"]
[BlackElo "1702"]
[Opening "King's Indian: London system"]
[ECO "A48"]
[NIC "QP.03"]
[Time "15:03:14"]
[TimeControl "180+0"]

1. d4 Nf6 2. Nf3 g6 3. Bf4 Bg7 4. e3 O-O 5. h3 d6 6. c4 Nbd7 7. Nc3 Re8 8.
Be2 c6 9. O-O Qa5 10. a3 e5 11. b4 Qc7 12. dxe5 dxe5 13. Bh2 Nf8 14. c5 Bf5
15. Bc4 Rad8 16. Qb3 Be6 17. Rad1 Bxc4 18. Qxc4 N6d7 19. Rd6 Re7 20. Rfd1
Kh8 21. Ng5 Kg8 22. Nce4 h6 23. Nf3 Kh8 24. Bg3 f5 25. Nc3 e4 26. Rxd7 Rexd7
27. Bxc7 Rxd1+ 28. Nxd1 Rxd1+ 29. Kh2 exf3 30. gxf3 Rd5 31. f4 Ne6 32. Be5
g5 33. e4 fxe4 34. Qxe4 Bxe5 35. fxe5 Nf4 36. e6 Rd2 37. e7 Rxf2+ 38. Kg3
Re2 39. Qxe2 Nxe2+ 40. Kf2 {Black resigns} 1-0

[Event "ICC Open 2015"]
[Site "Internet Chess Club"]
[Date "2015.05.30"]
[Round "6"]
[White "Sunbear"]
[Black "SurferRosa"]
[Result "0-1"]
[ICCResult "White checkmated"]
[WhiteElo "1947"]
[BlackElo "2307"]
[Opening "Van't Kruijs opening"]
[ECO "A00"]
[Time "15:04:53"]
[TimeControl "180+0"]

1. e3 Nf6 2. b3 e5 3. Bb2 Nc6 4. f4 exf4 5. Nf3 fxe3 6. Bc4 d5 7. Bd3 exd2+
8. Nbxd2 Be7 9. O-O h6 10. Nh4 Be6 11. Nf5 Bxf5 12. Rxf5 Qd7 13. Qf3 Qd6 14.
c4 O-O-O 15. Bxf6 Bxf6 16. Rxd5 Qb4 17. Rd1 Rxd5 18. cxd5 Ne5 19. Bf5+ Kb8
20. Qe2 Qb6+ 21. Kh1 g6 22. Be4 h5 23. Nc4 Qb4 24. Nxe5 Bxe5 25. Bxg6 Qf4
26. g3 Qg5 27. Be4 h4 28. g4 Bd6 29. h3 Re8 30. Re1 Qf4 31. Qf3 Qh2#
{White checkmated}
0-1

[Event "ICC Open 2015"]
[Site "Internet Chess Club"]
[Date "2015.05.30"]
[Round "6"]
[White "santiagoelawad"]
[Black "QuintilianoR"]
[Result "0-1"]
[ICCResult "White resigns"]
[WhiteElo "2052"]
[BlackElo "2515"]
[Opening "English: symmetrical variation"]
[ECO "A37"]
[NIC "EO.28"]
[Time "15:03:11"]
[TimeControl "180+0"]

1. c4 c5 2. Nf3 Nc6 3. Nc3 g6 4. g3 Bg7 5. Bg2 d6 6. O-O e5 7. d3 Nge7 8.
Ne1 Be6 9. Nc2 d5 10. cxd5 Nxd5 11. Ne3 Nde7 12. Nc4 O-O 13. Be3 b6 14. Rc1
Rc8 15. a3 Nd5 16. Bd2 Rb8 17. a4 a6 18. e3 b5 19. axb5 axb5 20. Na3 b4 21.
Nxd5 Bxd5 22. Nc4 Bxg2 23. Kxg2 Qxd3 24. Be1 Qxd1 25. Rxd1 Rfd8 26. Bd2 e4
27. Bc1 b3 28. Nd6 f5 29. Rd5 Nb4 30. Rdd1 Nd3 31. Nc4 Rb4 32. Nd2 Nxc1 33.
Rxc1 Rxd2 34. Rxc5 Bxb2 {White resigns} 0-1

[Event "ICC Open 2015"]
[Site "Internet Chess Club"]
[Date "2015.05.30"]
[Round "6"]
[White "nitishdas"]
[Black "canpawn"]
[Result "1-0"]
[ICCResult "Black checkmated"]
[WhiteElo "1792"]
[BlackElo "1480"]
[Opening "QGD: exchange, positional line"]
[ECO "D35"]
[NIC "QO.16"]
[Time "15:03:27"]
[TimeControl "180+0"]

1. d4 e6 2. c4 d5 3. Nc3 Nf6 4. cxd5 exd5 5. Bg5 Be7 6. Nf3 O-O 7. e3 Nbd7
8. Bd3 Nb6 9. Qc2 Ne4 10. Bxe7 Qxe7 11. Nxe4 dxe4 12. Bxe4 f5 13. Bd3 h6 14.
O-O f4 15. e4 Bg4 16. Ne5 Bh5 17. f3 c6 18. Rad1 Nd7 19. Bc4+ Kh7 20. Nxd7
Qxd7 21. e5+ Bg6 22. Bd3 Qe6 23. Bxg6+ Qxg6 24. Qxg6+ Kxg6 25. d5 cxd5 26.
Rxd5 Rfe8 27. Re1 Re6 28. Rd7 Rb8 29. g3 a5 30. gxf4 b5 31. Kf2 Rf8 32. Ke3
Rg8 33. Ke4 Rf8 34. Rg1+ Kh5 35. Rdxg7 Rd8 36. R1g3 Kh4 37. R7g4+ Kh5 38.
Rh3# {Black checkmated} 1-0

[Event "ICC Open 2015"]
[Site "Internet Chess Club"]
[Date "2015.05.30"]
[Round "6"]
[White "boveymvp"]
[Black "paulohaddad"]
[Result "0-1"]
[ICCResult "White checkmated"]
[WhiteElo "1595"]
[BlackElo "1822"]
[Opening "QGD: Ragozin variation"]
[ECO "D38"]
[NIC "NI.27"]
[Time "15:02:58"]
[TimeControl "180+0"]

1. Nf3 d5 2. c4 e6 3. d4 Nf6 4. Nc3 Bb4 5. Qc2 Nbd7 6. e3 c5 7. Be2 cxd4 8.
Nxd4 O-O 9. O-O dxc4 10. Bxc4 Ne5 11. Be2 a6 12. Rd1 Qe7 13. a3 Ba5 14. h3
Bb6 15. b4 Bd7 16. Bb2 Rac8 17. Qb3 Bxd4 18. Rxd4 Bc6 19. Rad1 Nd5 20. Ne4
Ng6 21. Nc5 Rfd8 22. Bf3 Nf6 23. Bxc6 bxc6 24. Nxa6 Rxd4 25. Rxd4 Nd5 26.
Nc5 Qg5 27. e4 Ndf4 28. Qf3 Ne5 29. h4 Nxf3+ 30. Kf1 Qxg2# {White
checkmated} 0-1

[Event "ICC Open 2015"]
[Site "Internet Chess Club"]
[Date "2015.05.30"]
[Round "6"]
[White "kshakes"]
[Black "noyb"]
[Result "0-1"]
[ICCResult "White checkmated"]
[WhiteElo "1552"]
[BlackElo "1997"]
[Opening "Caro-Kann defense"]
[ECO "B10"]
[NIC "CK.01"]
[Time "15:03:47"]
[TimeControl "180+0"]

1. e4 c6 2. f4 d5 3. e5 h5 4. Nf3 Bg4 5. h3 Bf5 6. g3 e6 7. d3 c5 8. Nh4 Ne7
9. Bg2 Nbc6 10. O-O Qb6 11. c3 Qc7 12. Kh2 Bg6 13. Qe2 Nf5 14. Nf3 Be7 15.
h4 Nh6 16. Bh3 Bf5 17. Ng1 Bxh3 18. Nxh3 Ng4+ 19. Kg1 O-O-O 20. Na3 Qd7 21.
Nc2 f6 22. Qf3 fxe5 23. fxe5 Ncxe5 24. Qe2 Rhf8 25. Bf4 Bd6 26. Bxe5 Bxe5
27. Rxf8 Rxf8 28. Kg2 Qf7 29. Rf1 Qxf1+ 30. Qxf1 Rxf1 31. Kxf1 Bxg3 32. Ke2
Kd7 33. Ng1 Bxh4 34. Nf3 Bf6 35. d4 b6 36. a4 g5 37. Ne3 Nxe3 38. Kxe3 g4
39. Ng1 Bg5+ 40. Kf2 Kd6 41. b3 e5 42. Ne2 cxd4 43. cxd4 exd4 44. Nxd4 h4
45. Nf5+ Ke5 46. Ng7 d4 47. Ne8 Bf4 48. Nc7 h3 49. Nb5 g3+ 50. Kg1 g2 51. a5
Be3+ 52. Kh2 g1=Q+ 53. Kxh3 Kf4 54. Nd6 Qg3# {White checkmated} 0-1

[Event "ICC Open 2015"]
[Site "Internet Chess Club"]
[Date "2015.05.30"]
[Round "6"]
[White "RaHrAhRaHeHs"]
[Black "RLH2"]
[Result "1-0"]
[ICCResult "Black forfeits on time"]
[WhiteElo "2391"]
[BlackElo "2782"]
[Opening "English: ultra-symmetrical variation"]
[ECO "A36"]
[NIC "EO.31"]
[Time "15:02:54"]
[TimeControl "180+0"]

1. c4 g6 2. g3 Bg7 3. Bg2 c5 4. Nc3 Nc6 5. a3 Nf6 6. Rb1 O-O 7. b4 d6 8. b5
Ne5 9. d3 h5 10. h3 Nh7 11. Bd2 h4 12. f4 Nd7 13. g4 e5 14. f5 g5 15. Nf3 f6
16. O-O Nb6 17. Ne1 Qc7 18. a4 a5 19. Nc2 Bd7 20. Ne3 Be8 21. Ned5 Nxd5 22.
Nxd5 Qd8 23. b6 Qd7 24. Ra1 Ra6 25. Qb3 Ra8 26. Rfb1 Bf7 27. Nc7 Rab8 28.
Bxa5 Rfc8 29. Bd2 Nf8 30. a5 Qe7 31. Nd5 Bxd5 32. Bxd5+ Kh7 33. e4 Nd7 34.
a6 bxa6 35. Rxa6 Qd8 36. Ba5 Qe7 37. Ra7 Rd8 38. Qb5 Qe8 39. Bc6 d5 40. Bxd7
Qe7 41. Be6 Qd6 42. cxd5 c4 43. dxc4 Qa3 44. Qb3 Qc5+ 45. Kg2 Rd6 46. Rc7
Qe3 47. Qxe3 {Black forfeits on time} 1-0

[Event "ICC Open 2015"]
[Site "Internet Chess Club"]
[Date "2015.05.30"]
[Round "6"]
[White "Xing"]
[Black "livis"]
[Result "0-1"]
[ICCResult "White resigns"]
[WhiteElo "1465"]
[BlackElo "1925"]
[Opening "French defense"]
[ECO "C00"]
[NIC "FR.01"]
[Time "15:05:05"]
[TimeControl "180+0"]

1. e4 e6 2. Nf3 d5 3. exd5 exd5 4. Nc3 Nf6 5. Bb5+ c6 6. Ba4 Be7 7. O-O O-O
8. a3 Nbd7 9. b4 b5 10. Bb3 Bd6 11. Bb2 Qc7 12. Qe1 Ne5 13. Nxe5 Bxe5 14.
Rb1 Bxh2+ 15. Kh1 Bd6 16. Nxd5 Nxd5 17. Bxd5 cxd5 18. d4 Bf5 {White resigns}
0-1

[Event "ICC Open 2015"]
[Site "Internet Chess Club"]
[Date "2015.05.30"]
[Round "6"]
[White "BlitzPawn94"]
[Black "Volkov"]
[Result "0-1"]
[ICCResult "White resigns"]
[WhiteElo "2685"]
[BlackElo "2969"]
[Opening "Nimzovich-Larsen attack: classical variation"]
[ECO "A01"]
[NIC "VO.08"]
[Time "15:02:37"]
[TimeControl "180+0"]

1. b3 d5 2. Bb2 Bf5 3. Nf3 e6 4. g3 Nf6 5. Bg2 h6 6. O-O Be7 7. d3 O-O 8.
Nbd2 Bh7 9. Qe1 c5 10. e4 Nc6 11. Qe2 b5 12. a4 b4 13. exd5 exd5 14. Ne5
Nxe5 15. Qxe5 Bd6 16. Qe2 Re8 17. Qf3 Be5 18. Bxe5 Rxe5 19. Nc4 Rf5 20. Qe3
dxc4 21. Bxa8 cxd3 22. Bg2 dxc2 23. Rfe1 c4 24. Rac1 cxb3 25. Qxb3 Rc5 26.
Qxb4 Rc7 27. a5 Bg6 28. a6 Kh7 29. Bb7 Qd7 30. Qf4 Rc5 31. Qe3 Qc7 32. f3
Nd5 33. Qd4 Nc3 34. Kg2 Na2 35. Be4 Nxc1 36. Rxc1 Qb6 37. Qd3 Qb2 38. Qd2
Bxe4 39. fxe4 f6 40. e5 Qxe5 41. Qd3+ f5 42. Kh3 Qe4 43. Qd2 Qg4+ 44. Kg2
Qe4+ 45. Kh3 Qc4 46. Qe3 Qg4+ 47. Kg2 Qe4+ 48. Qxe4 fxe4 49. Kf2 Kg6 50. Ke3
Kf5 51. Kd4 Rc6 52. Ke3 Ke5 53. h3 g5 54. g4 Rc3+ 55. Kd2 Kd4 56. Ke2 e3 57.
Kf3 Kd3 58. h4 Kd2 59. Rh1 e2+ 60. Kf2 c1=Q {White resigns} 0-1

[Event "ICC Open 2015"]
[Site "Internet Chess Club"]
[Date "2015.05.30"]
[Round "6"]
[White "akibael"]
[Black "pierredams"]
[Result "1-0"]
[ICCResult "Black resigns"]
[WhiteElo "2406"]
[BlackElo "2017"]
[Opening "Réti opening"]
[ECO "A04"]
[NIC "QP.11"]
[Time "15:04:11"]
[TimeControl "180+0"]

1. Nf3 c6 2. d4 d5 3. Nc3 Nf6 4. Bg5 Qb6 5. Rb1 Nbd7 6. e3 e6 7. Bd3 a6 8.
O-O h6 9. Bh4 Bd6 10. e4 dxe4 11. Nxe4 Nxe4 12. Bxe4 O-O 13. Bd3 Re8 14. Qe2
Nf8 15. c3 Qa5 16. Ne5 c5 17. Qf3 Bxe5 18. dxe5 c4 19. Bxc4 Qxe5 20. Rfe1
Qc5 21. Bd3 Ra7 22. Qg3 Qh5 23. Bf6 Ng6 24. Bd4 Ra8 25. Qc7 Qg5 26. Re3 Qe7
27. Qg3 Qg5 28. Qxg5 hxg5 29. Bxg6 fxg6 30. Re5 g4 31. Rg5 b5 32. Rxg6 Ra7
33. Bxa7 {Black resigns} 1-0

[Event "ICC Open 2015"]
[Site "Internet Chess Club"]
[Date "2015.05.30"]
[Round "6"]
[White "a-man"]
[Black "sonovkong"]
[Result "0-1"]
[ICCResult "White forfeits on time"]
[WhiteElo "1498"]
[BlackElo "1586"]
[Opening "Ruy Lopez: Marshall counter-attack, 11...c6"]
[ECO "C89"]
[NIC "RL.17"]
[Time "15:02:56"]
[TimeControl "180+0"]

1. e4 e5 2. Nf3 Nc6 3. Bb5 a6 4. Ba4 Nf6 5. O-O Be7 6. Re1 b5 7. Bb3 O-O 8.
c3 d5 9. exd5 Nxd5 10. Nxe5 Nxe5 11. Rxe5 c6 12. Qe1 Bd6 13. Re2 Bg4 14. f3
Bf5 15. Bxd5 cxd5 16. d4 Qc7 17. g4 Bd7 18. Qh4 Rae8 19. Rg2 Qd8 20. Qxd8
Rxd8 21. Bg5 f6 22. Bh4 Rde8 23. Bg3 Bxg3 24. hxg3 Re1+ 25. Kh2 Rfe8 26. Rg1
Rxg1 27. Kxg1 Re1+ 28. Kf2 Rc1 29. Ke2 h5 30. gxh5 Bf5 31. g4 Rxb1 32. Rxb1
Bxb1 33. Ke3 Bxa2 34. f4 Kf7 35. g5 Bb1 36. Kf3 Be4+ 37. Kg4 f5+ 38. Kg3 Kg8
39. g6 Kf8 40. Kf2 a5 41. Ke2 Ke7 42. Kd1 Kf8 43. Kd2 a4 44. Kd1 Bf3+ 45.
Kd2 Bxh5 46. Ke1 Bxg6 47. Kf2 Bh5 48. Kf1 Bf3 49. Kf2 Be4 50. Kf1 Kf7 51.
Kf2 Kg6 52. Kf1 Kh5 53. Kf2 Kg4 54. Kf1 Kxf4 55. Kf2 g5 56. Kf1 Ke3 57. Kg1
Kd3 58. Kh2 Kc2 59. Kg1 Kxb2 60. Kf1 Kxc3 61. Kf2 Kxd4 62. Kf1 a3 63. Kg1 a2
{White forfeits on time}
0-1

[Event "ICC Open 2015"]
[Site "Internet Chess Club"]
[Date "2015.05.30"]
[Round "6"]
[White "PADILLON2189"]
[Black "Discoverchess"]
[Result "0-1"]
[ICCResult "White resigns"]
[WhiteElo "2070"]
[BlackElo "2466"]
[Opening "Benkö gambit half accepted"]
[ECO "A57"]
[NIC "BI.45"]
[Time "15:03:25"]
[TimeControl "180+0"]

1. d4 Nf6 2. c4 c5 3. d5 b5 4. cxb5 a6 5. b6 g6 6. Nc3 d6 7. a4 Qxb6 8. a5
Qc7 9. Nf3 Nbd7 10. g3 Bg7 11. Bg2 O-O 12. O-O Rb8 13. h3 Qa7 14. e4 Ne8 15.
Nd2 Nc7 16. Nc4 Nb5 17. Qd3 Ne5 18. Nxe5 Bxe5 19. Kh2 Bd7 20. f4 Bg7 21. Re1
Rfc8 22. e5 c4 23. Qe2 dxe5 24. fxe5 Bf5 25. Be4 Nd4 26. Qf2 Bxe4 27. Rxe4
Nb5 28. Qxa7 Nxa7 29. Ra4 Nb5 30. h4 Rc5 31. Be3 Nxc3 32. bxc3 Rxd5 33. Bf4
Rb2+ 34. Kh3 h5 35. Raxc4 Rd1 36. g4 Rd3+ 37. Bg3 hxg4+ 38. Kxg4 Rg2
{White resigns}
0-1

[Event "ICC Open 2015"]
[Site "Internet Chess Club"]
[Date "2015.05.30"]
[Round "6"]
[White "Steingrim89"]
[Black "The7thGuest"]
[Result "0-1"]
[ICCResult "White forfeits on time"]
[WhiteElo "1587"]
[BlackElo "2044"]
[Opening "Old Benoni defense"]
[ECO "A43"]
[NIC "OI.09"]
[Time "15:02:35"]
[TimeControl "180+0"]

1. d4 c5 2. Nf3 cxd4 3. Nxd4 Nc6 4. Nxc6 bxc6 5. c4 g6 6. Nc3 Bg7 7. Bf4 Nf6
8. e3 O-O 9. Be2 d5 10. cxd5 cxd5 11. O-O Bb7 12. Rc1 Ne4 13. Nxe4 dxe4 14.
b3 e5 15. Bg3 f5 16. h3 f4 17. Bh2 f3 18. gxf3 exf3 19. Qxd8 Raxd8 20. Bc4+
Kh8 21. Rfd1 e4 22. Bc7 Rc8 23. Rd7 Bc6 24. Rdd1 Rxc7 25. Rc2 Ba8 26. Rcd2
h6 27. Rd8 Rc8 28. R8d7 Bc6 29. Rxa7 Ra8 30. Rxa8 Rxa8 31. a4 Rc8 32. Rd6
Bxa4 33. Rxg6 Be8 34. Re6 Bf7 35. Rxe4 Bxc4 36. bxc4 Rf8 37. Kh2 Bc3 38. Kg3
Be1 39. Re7 Kg8 40. c5 Bb4 41. Re5 Rc8 42. Rf5 Bxc5 43. Rxf3 Kg7 44. Rf5 Kg6
45. Kg4 Be7 46. Rd5 Rf8 47. Rd7 Bf6 48. f4 Bg7 49. Rd6+ Kh7 50. f5 Bf6 51.
Re6 Kg7 52. e4 Bg5 53. e5 Ra8 54. f6+ Kf8 {White forfeits on time} 0-1

[Event "ICC Open 2015"]
[Site "Internet Chess Club"]
[Date "2015.05.30"]
[Round "6"]
[White "DDT3000"]
[Black "kingmate"]
[Result "0-1"]
[ICCResult "White forfeits on time"]
[WhiteElo "2118"]
[BlackElo "2559"]
[Opening "French: Schlechter variation"]
[ECO "C01"]
[NIC "FR.01"]
[Time "15:02:59"]
[TimeControl "180+0"]

1. e4 e6 2. d4 d5 3. Bd3 Nf6 4. e5 Nfd7 5. Nf3 c5 6. c3 Nc6 7. O-O Be7 8.
Be3 a5 9. Nbd2 a4 10. Qe2 Qb6 11. Rab1 cxd4 12. cxd4 Nb4 13. a3 Nxd3 14.
Qxd3 Qa6 15. Qc2 h6 16. g4 Qc6 17. Qd3 Nb6 18. Rfc1 Qd7 19. Rc2 Nc4 20. Nxc4
dxc4 21. Qxc4 b5 22. Qc6 Qxc6 23. Rxc6 Bb7 24. d5 Bxc6 25. dxc6 O-O 26. Nd4
b4 27. axb4 Bxb4 28. Nb5 Rfc8 29. Rc1 Rab8 30. Nd6 Rc7 31. Rc4 a3 32. bxa3
Bxa3 33. Bd2 Ra8 34. Be3 Ra6 35. Nb5 Rcxc6 36. Rxc6 Rxc6 37. Nxa3 Rc3 38.
Nb5 Rc4 39. h3 Kh7 40. Kg2 Kg6 41. Kf3 Rb4 42. Nd6 f5 43. exf6 gxf6 44. Ne4
Rb5 45. Ng3 Rd5 46. Kg2 f5 47. gxf5+ exf5 48. h4 Rb5 49. h5+ Kf6 50. Bxh6
Rb4 51. Be3 Rh4 52. f3 f4 53. Ne4+ Kf5 {White forfeits on time} 0-1

[Event "ICC Open 2015"]
[Site "Internet Chess Club"]
[Date "2015.05.30"]
[Round "6"]
[White "Gibhor"]
[Black "Innes"]
[Result "1-0"]
[ICCResult "Black forfeits on time"]
[WhiteElo "1951"]
[BlackElo "1440"]
[Opening "Two knights defense"]
[ECO "C58"]
[NIC "KP.01"]
[Time "15:02:35"]
[TimeControl "180+0"]

1. e4 e5 2. Nf3 Nc6 3. Bc4 Nf6 4. Ng5 d5 5. exd5 Na5 6. Bb5+ c6 7. dxc6 bxc6
8. Ba4 Bd7 9. d3 Bd6 10. O-O h6 11. Ne4 Bc7 12. Nbc3 O-O 13. Nc5 Bg4 14. f3
Bh5 15. b4 Qd4+ 16. Kh1 Qxb4 17. N5e4 Nxe4 18. dxe4 Rfd8 19. Qe1 Nc4 20.
Bxc6 Rab8 21. Nd5 Qxe1 22. Rxe1 Bg6 23. Ne7+ Kf8 24. Nxg6+ fxg6 25. Bd5 Nd6
26. Ba3 Bb6 27. Red1 Ke7 28. c4 Rbc8 29. Rac1 Bc5 30. Bb2 a5 31. Bxe5 a4 32.
Bxg7 Be3 33. Rb1 Rb8 34. g3 Rxb1 35. Rxb1 h5 36. Bc3 Kd7 37. Kg2 Rc8 38. Rd1
Ke7 39. Bb4 {Black forfeits on time} 1-0

[Event "ICC Open 2015"]
[Site "Internet Chess Club"]
[Date "2015.05.30"]
[Round "6"]
[White "PerMag"]
[Black "Meditator"]
[Result "0-1"]
[ICCResult "White resigns"]
[WhiteElo "1745"]
[BlackElo "2265"]
[Opening "Sicilian: Najdorf, 6.Bg5"]
[ECO "B94"]
[NIC "SI.04"]
[Time "15:03:30"]
[TimeControl "180+0"]

1. e4 c5 2. Nf3 d6 3. d4 cxd4 4. Nxd4 Nf6 5. Nc3 a6 6. Bg5 Nbd7 7. f4 Qc7 8.
Qf3 h6 9. Bh4 g5 10. fxg5 hxg5 11. Bg3 g4 12. Qe3 Bh6 13. Bf4 Bxf4 14. Qxf4
e5 15. Qf2 exd4 16. Qxd4 Ne5 17. O-O-O Be6 18. Qxd6 Qxd6 19. Rxd6 Ke7 20.
Rd4 g3 21. h3 Nfg4 22. Be2 Nf2 23. Rg1 Rad8 24. Rxd8 Rxd8 25. Bf3 Nxf3 26.
gxf3 Rg8 27. Ne2 g2 28. Nf4 Nxh3 29. Rxg2 Rxg2 30. Nxg2 Ng5 31. Ne1 f5 32.
exf5 Bxf5 33. Kd2 Kd6 34. Ke3 Ne6 35. c3 Kd5 36. b3 b6 37. a3 a5 38. b4 a4
39. Ng2 Kc4 40. Kd2 Kb3 41. Ne3 Bg6 42. Nd5 b5 43. Ne7 Be8 44. Nf5 Kxa3 45.
Nd6 Bc6 46. Ke3 Kb2 47. Kd3 a3 48. c4 a2 49. cxb5 Bd5 50. b6 {White resigns}
0-1

[Event "ICC Open 2015"]
[Site "Internet Chess Club"]
[Date "2015.05.30"]
[Round "6"]
[White "JOHEL"]
[Black "leonardoalmeida"]
[Result "0-1"]
[ICCResult "White checkmated"]
[WhiteElo "1622"]
[BlackElo "1842"]
[Opening "Scandinavian (center counter) defense"]
[ECO "B01"]
[NIC "SD.01"]
[Time "15:04:04"]
[TimeControl "180+0"]

1. e4 d5 2. exd5 Qxd5 3. Nc3 Qa5 4. Nf3 c6 5. d4 Bg4 6. Bd2 Qb6 7. d5 Nf6 8.
dxc6 bxc6 9. Bc4 e6 10. O-O Be7 11. h3 Bh5 12. Bb3 O-O 13. Be3 Qc7 14. g4
Bg6 15. Qe2 Nbd7 16. Nh4 Rad8 17. Nxg6 hxg6 18. Rad1 Nd5 19. Ne4 Nxe3 20.
Qxe3 Nf6 21. Nc5 Nd5 22. Bxd5 Rxd5 23. Nd3 Rfd8 24. Rde1 Qa5 25. a3 Qa4 26.
Nb4 Bxb4 27. axb4 Qxc2 28. Qxa7 Qxb2 29. Qb6 c5 30. bxc5 Qc3 31. c6 Rc8 32.
Rc1 Qxh3 33. Rfe1 Qxg4+ 34. Kf1 Rh5 35. f3 Qxf3+ 36. Kg1 Rh1# {White
checkmated} 0-1

[Event "ICC Open 2015"]
[Site "Internet Chess Club"]
[Date "2015.05.30"]
[Round "6"]
[White "Sebs"]
[Black "TapculescuM"]
[Result "1-0"]
[ICCResult "Black resigns"]
[WhiteElo "2964"]
[BlackElo "1838"]
[Opening "King's Indian: 5.Nf3"]
[ECO "E90"]
[NIC "KI.20"]
[Time "15:03:42"]
[TimeControl "180+0"]

1. d4 Nf6 2. c4 g6 3. Nc3 Bg7 4. Nf3 d6 5. e4 O-O 6. h3 Na6 7. Be3 c5 8. d5
Rb8 9. Bd3 Nc7 10. O-O a6 11. a4 b6 12. e5 Nd7 13. exd6 exd6 14. Qd2 Ne5 15.
Nxe5 Bxe5 16. f4 Bd4 17. Bxd4 cxd4 18. Ne2 Qf6 19. Bc2 b5 20. cxb5 Nxd5 21.
Nxd4 axb5 22. Nc6 Bb7 23. Nxb8 Rxb8 24. axb5 Qxb2 25. Rab1 Qa3 26. Rb3 Qc5+
27. Qf2 Qxf2+ 28. Rxf2 Rc8 29. Be4 Rc1+ 30. Kh2 Ne3 31. Rxe3 {Black resigns}
1-0